 Dungeon Crawl Stone Soup version 0.30.1-11-g7821555f0a (webtiles) character file.

Game seed: 11454085779864699973

109 monsoonserge the Magician (level 5, -1/36 HPs)
             Began as a Djinni Venom Mage on Nov 17, 2023.
             Was a Follower of Elyvilon.
             Killed by miscasting Mephitic Cloud (7 damage)
             ... on level 4 of the Dungeon.
             The game lasted 00:06:37 (2418 turns).

monsoonserge the Magician (Djinni Venom Mage)       Turns: 2418, Time: 00:06:37

Health: -1/36      AC:  8    Str:  7    XL:     5   Next: 13%
Gold:   93         EV: 10    Int: 23    God:    Elyvilon [*.....] SH:  0 Dex: 14

rFire   + + .        e - +0 long sword
rCold   x . .        (no shield)
rNeg    . . .        s - +1 ring mail of Afialu {Int+5 Stlth+}
rPois   ∞            f - +0 helmet
rElec   .            t - +0 cloak
rCorr   .            (no gloves)
SInv    .            (boots unavailable)
Will    .....        (no amulet)
Stlth   ++           (no ring)
HPRegen 0.26/turn    (no ring)
MPRegen 0.00/turn

%: infuse magic (-2 HP)
@: flying, very slightly contaminated
A: sickness immunity, fire resistance 2, cold vulnerability 1, float, innate
caster, HP casting, extra vitality 1
a: Renounce Religion, Purification


You were on level 4 of the Dungeon.
You worshipped Elyvilon.
Elyvilon was aware of your devotion.
You visited 2 branches of the dungeon, and saw 5 of its levels.

You collected 228 gold pieces.
You spent 135 gold pieces at shops.

Inventory:

Hand Weapons
 e - a +0 long sword (weapon)
 n - a +0 dagger of draining
Missiles
 m - 10 poisoned darts
Armour
 f - a +0 helmet (worn)
 s - the +1 ring mail of Afialu (worn) {Int+5 Stlth+}
   (You bought it in a shop on level 1 of the Dungeon)

   Int:       It affects your intelligence (+5).
   Stlth:     It makes you more stealthy.
 t - a +0 cloak (worn)
Magical Staves
 v - a staff of fire
Scrolls
 c - a scroll of noise {unknown}
 g - a scroll of summoning {unknown}
 i - 2 scrolls of identify {unknown}
 l - 2 scrolls of enchant armour {unknown}
 q - 2 scrolls of vulnerability {unknown}
 r - a scroll of brand weapon {unknown}
 w - a scroll of immolation {unknown}
Potions
 a - a potion of berserk rage {unknown}
 b - a potion of attraction {unknown}
 d - a potion of brilliance {unknown}
 h - a potion of haste {unknown}
 j - a potion of heal wounds {unknown}
 k - a potion of degeneration {unknown}
 o - 3 potions of mutation {unknown}
 p - a potion of lignification {unknown}
 u - a potion of curing {unknown}
 x - a potion of resistance {unknown}


   Skills:
 + Level 0.7 Fighting
 + Level 0.3 Long Blades
 * Level 1.7 Armour
 + Level 2.3 Dodging
 + Level 1.8 Stealth
 * Level 3.5 Spellcasting


You knew the following spells:

 Your Spells              Type           Power      Damage    Failure   Level
a - Sting                 Tmut/Pois      80%        1d7       9%          1
b - Poisonous Vapours     Pois/Air       40%        N/A       13%         2
c - Mephitic Cloud        Conj/Pois/Air  20%        N/A       26%         3
d - Olgreb's Toxic Radia  Pois           20%        N/A       63%         4
e - Slow                  Hex            80%        N/A       9%          1
f - Static Discharge      Conj/Air       40%        2-4/arc   13%         2
Your spell library was empty.

Dungeon Overview and Level Annotations

Branches:
Dungeon (4/15)             Temple (1/1) D:4

Altars:
Cheibriados
Dithmenos
Elyvilon
Fedhas
Gozag
Hepliaklqana
Nemelex Xobeh
Okawaru
Ru
Uskayaw
Xom
Yredelemnul

Shops:
D:1 [


Innate Abilities, Weirdness & Mutations

You are immune to sickness and miasma.
You are immune to poison.
Your flesh is very heat resistant. (rF++)
You are vulnerable to cold. (rC-)
You float through the air rather than walking.
You learn spells naturally, not from books.
Your magical power is your life essence.
You have superior vitality. (+4 MHP)


Message History

The centaur wields a +0 shortbow.
The centaur shoots an arrow.
The arrow hits you.
Casting: Sting (safe; 9% risk of failure)
Confirm with . or Enter, or press ? or * to list all spells.
Aiming: Poisonous Vapours (safe; 13% risk of failure)
Press: ? - help, Dir - move target, f - centaur
Aim: a centaur, wielding a +0 shortbow Poisonous vapours surround the centaur!
The centaur is poisoned.
The centaur shoots an arrow.
The arrow hits you.
Casting: Poisonous Vapours (safe; 13% risk of failure)
Confirm with . or Enter, or press ? or * to list all spells.
The spell is quite dangerous to miscast (26% risk of failure)!
Continue anyway?
Okay, then.
Casting: Mephitic Cloud (quite dangerous; 26% risk of failure)
Confirm with . or Enter, or press ? or * to list all spells.
Aiming: Poisonous Vapours (safe; 13% risk of failure)
Press: ? - help, Dir - move target, f/p - centaur
Aim: a centaur, wielding a +0 shortbow (lightly wounded, poisoned) Poisonous vapours surround the centaur!
The centaur looks even sicker.
The centaur shoots an arrow.
The arrow hits you but does no damage.
Unknown command.
Casting: Poisonous Vapours (safe; 13% risk of failure)
Confirm with . or Enter, or press ? or * to list all spells.
The spell is quite dangerous to miscast (26% risk of failure)!
Continue anyway?
Aiming: Mephitic Cloud (quite dangerous; 26% risk of failure)
Press: ? - help, Shift-Dir - straight line, p - centaur You miscast Mephitic Cloud.
You are very lightly contaminated with residual magic.
Nothing appears to happen.
The ball python hisses angrily.
The centaur shoots an arrow.
The arrow hits you!
* * * LOW HITPOINT WARNING * * *
The centaur shoots an arrow.
The arrow barely misses you.
Casting: Mephitic Cloud (quite dangerous; 26% risk of failure)
Confirm with . or Enter, or press ? or * to list all spells.
The spell is quite dangerous to miscast (26% risk of failure)!
Continue anyway?
Aiming: Mephitic Cloud (quite dangerous; 26% risk of failure)
Press: ? - help, Shift-Dir - straight line You miscast Mephitic Cloud.
Energy rips through your body!
You die...

##.. ...# #..## .# ##.
.... #... .##... .....
#..# ....... ## .....
#..###......##.. ...?..
#..##..#....#S.#
......###......#.......#
..............###......
..c....@...............#
..S.........#.....#....#
..#.......###..>..###...
####......#.....#.....
.....#..............
...........###.......
S........#....#........
........##.#..#....##..
.........#.#......## .


You could see a centaur (very poisoned) and a ball python.

Vanquished Creatures
  Crazy Yiuf (D:3)
  2 adders (D:2)
  A dart slug (D:2)
  3 orcs (D:3)
  A bat (D:1)
  7 endoplasms
  2 giant cockroaches (D:2)
  4 goblins
  6 hobgoblins
  A jackal (D:2)
  2 quokkas (D:2)
  9 ball pythons
  A frilled lizard (D:2)
  6 kobolds
  4 rats
50 creatures vanquished.

Notes
Turn   | Place    | Note
-------+----------+-------------------------------------------
     0 | D:1      | monsoonserge the Djinni Venom Mage began the quest for the
                  | Orb.
     0 | D:1      | monsoonserge set off with the following spells memorised:
                  | Sting, Poisonous Vapours, Mephitic Cloud, Olgreb's Toxic
                  | Radiance.
     0 | D:1      | Reached XP level 1. HP: 15/15 MP: 0/0
   160 | D:1      | Reached XP level 2. HP: 19/21 MP: 0/0
   317 | D:1      | Found a faded altar of an unknown god.
   335 | D:1      | Reached skill level 3 in Spellcasting
   427 | D:1      | Found Biuz's Antique Armour Boutique.
   552 | D:2      | Reached XP level 3. HP: 25/25 MP: 0/0
   552 | D:2      | Learned a level 1 spell: Slow
  1039 | D:2      | Reached skill level 1 in Armour
  1141 | D:1      | Bought an encrusted ring mail for 135 gold pieces
  1141 | D:1      | Identified the +1 ring mail of Afialu {Int+5 Stlth+} (You
                  | bought it in a shop on level 1 of the Dungeon)
  1270 | D:2      | Reached XP level 4. HP: 31/31 MP: 0/0
  1536 | D:3      | Found a white marble altar of Elyvilon.
  1548 | D:3      | Became a worshipper of Elyvilon the Healer
  1762 | D:3      | Found a runed translucent door.
  1763 | D:3      | Noticed Crazy Yiuf
  1777 | D:3      | Killed Crazy Yiuf
  1850 | D:3      | Reached XP level 5. HP: 34/36 MP: 0/0
  1850 | D:3      | Learned a level 2 spell: Static Discharge
  2263 | D:4      | Found a staircase to the Ecumenical Temple.
  2265 | D:4      | Reached * piety under Elyvilon
  2292 | Temple   | Entered the Ecumenical Temple
  2413 | D:4      | Noticed a centaur
  2418 | D:4      | Killed by miscasting Mephitic Cloud

Illustrated notes

Levels and vault maps discovered:
D:1:      eino_arrival_druids_welcome, layout_rooms, serial_shops,
          nicolae_shop_temple_entry_statues_fountains,
          chequers_ecumenical_altar_simple
D:2:      minmay_door_path, layout_basic
D:3:      layout_loops_cross, elyvilon_altar_4, minmay_misc_feat_secret_circle,
          uniq_crazy_yiuf_cottage
D:4:      minmay_evil_eye, layout_cave_pools, minmay_temple_entry_tees,
          portal_sewer_entry_d
Temple:   nicolae_temple_superstar

Skill      XL: |  1  2  3 |
---------------+----------+-----
Spellcasting   | 3 |  3.5
Armour         | 1 |  1.7
Fighting       | |  0.7
Long Blades    | |  0.3
Dodging        | |  2.3
Stealth        | |  1.8

Action                     |  1- 3 |  4- 6 || total
---------------------------+-------+-------++-------
  Melee: Long sword        |     4 |    17 ||    21
         Unarmed           |     2 |       ||     2
         Dagger            |    23 |    25 ||    48
         Punch             |       |     1 ||     1
   Cast: Sting             |    48 |     7 ||    55
         Poisonous Vapours |     3 |     6 ||     9
         Mephitic Cloud    |       |     1 ||     1
   Stab: Sleeping          |     2 |     2 ||     4
 Armour: Leather armour    |     1 |       ||     1
         Ring mail         |     3 |    22 ||    25
  Dodge: Dodged            |    18 |    25 ||    43
